 Dungeon Crawl Stone Soup version 0.31.0-11-ge490571c62 (webtiles) character file.

Game seed: 13779277514458705448

380 sasquatch the Chopper (level 7, -5/52 HPs)
             Began as a Formicid Fighter on Jan 28, 2024.
             Slain by an ogre
             ... wielding a +0 giant club
              (12 damage)
             ... on level 6 of the Dungeon.
             The game lasted 00:05:00 (2447 turns).

sasquatch the Chopper (Formicid Fighter)            Turns: 2447, Time: 00:05:01

Health: -5/52      AC:  8    Str: 22    XL:     7   Next: 5%
Magic:  7/7        EV:  9    Int:  8    God:
Gold:   121        SH: 10    Dex: 13    Spells: 6/6 levels left

rFire   . . .        a - +0 war axe
rCold   . . .        c - +0 buckler
rNeg    . . .        b - +0 scale mail
rPois   .            (helmet unavailable)
rElec   .            g - +0 cloak
rCorr   .            (no gloves)
SInv    +            (no boots)
Will    .....        f - amulet of reflection Stlth
                     (no ring)
HPRegen 0.28/turn    (no ring)
MPRegen 0.10/turn

%: reflection
@: mighty
A: permanent stasis, dig shafts and tunnels, antennae 3, four strong arms
a: Dig, Shaft Self


You were on level 6 of the Dungeon.
You visited 1 branch of the dungeon, and saw 5 of its levels.

You collected 149 gold pieces.
You spent 28 gold pieces at shops.

Inventory:

Hand Weapons
 a - a +0 war axe (weapon)
Missiles
 h - 3 javelins (quivered)
Armour
 b - a +0 scale mail (worn)
 c - a +0 buckler (worn)
 g - a +0 cloak (worn)
 i - a +0 chain mail
Jewellery
 f - an amulet of reflection (around neck)
Wands
 m - a wand of roots (8)
Scrolls
 e - 2 scrolls of noise
 k - a scroll of poison {unknown}
 o - a scroll of enchant weapon {unknown}
Potions
 j - a potion of heal wounds
 l - a potion of attraction
 n - 4 potions of curing {unknown}


   Skills:
 - Level 3.2 Fighting
 + Level 7.0 Axes
 - Level 3.2 Armour
 - Level 4.0 Shields


You had 6 spell levels left.
You didn't know any spells.
Your spell library contained the following spells:

 Spells                   Type           Power      Damage    Failure   Level
 Dazzling Flash           Conj/Hex       0%         N/A       99%         3
 Mephitic Cloud           Conj/Alch/Air  0%         N/A       99%         3
 Olgreb's Toxic Radiance  Alch           0%         N/A       100%        4
 Curse of Agony           Necr           0%         N/A       100%        5
 Silence                  Hex/Air        0%         N/A       100%        5
 Ozocubu's Refrigeration  Ice            0%         4d7       100%        7
 Discord                  Hex            0%         N/A       100%        8


Dungeon Overview and Level Annotations

Branches:
Dungeon (4/15)
 Temple: D:4-7

Altars:
Dithmenos
Elyvilon
Zin

Shops:
D:2 *:**   D:3 *


Innate Abilities, Weirdness & Mutations

You cannot be hasted, slowed, berserked, paralysed or teleported.
You can dig through walls and to a lower floor.
You have a pair of large antennae on your head. (SInv)
Your four strong arms can wield two-handed weapons with a shield.


Message History

Unknown command.
The orc shouts!
You slash the gnoll!
You kill the gnoll!
You slash the orc priest! You slash the ufetubus!
You block the ufetubus's attack. x2; The orc priest barely misses you.
Unknown command.
You closely miss the orc priest.
The orc priest is severely wounded.
You closely miss the ufetubus. You slash the gnoll!
The ufetubus completely misses you.
The ufetubus hits you but does no damage.
The gnoll barely misses you.
The orc priest mumbles some strange prayers to Beogh against you.
Pain shoots through your body! You block the ufetubus's attack. x2
Unknown command.
You barely miss the orc priest.
The orc priest is severely wounded.
You slash the gnoll!
You kill the gnoll!
You hit the orc.
You kill the orc!
You slash the ufetubus!
You kill the ufetubus!
The orc priest invokes the aid of Beogh against you.
Beogh smites you!
* * * LOW HITPOINT WARNING * * *
You block the orc priest's attack. You block the ogre's attack.
You slash the ogre!
The ogre is moderately wounded.
You slash the orc priest!
You kill the orc priest!
You slash the gnoll! The gnoll barely misses you.
Your life force feels restored.
Your Axes skill increases to level 7!
You have reached level 7!
You slash the ogre!
The ogre is almost dead.
You hit the gnoll. The ogre hits you with a +0 giant club!
You die...

....<...........:...
................>..
#........ #......
#.....####..#
#.........#
###.####.o## ##.##
###..## #)#####.#...#
#....#@#........#
.......gO)..##......#
.#..........##......#
#......#####...##.##
........, ##..# ##
....#### .... .... {
.... .. ...o.


You could see an ogre and a gnoll.

Vanquished Creatures
  A howler monkey (D:4)
  A bombardier beetle (D:2)
  An orc priest (D:6)
  An iguana (D:6)
  2 orc wizards (D:6)
  3 gnolls (D:6)
  8 adders
  2 ufetubi (D:6)
  5 dart slugs
  3 ribbon worms
  4 orcs
  6 ball pythons
  4 endoplasms
  2 giant cockroaches
  7 goblins
  4 hobgoblins
  5 jackals
  5 kobolds
  6 quokkas
  7 bats
  5 frilled lizards
  5 rats
87 creatures vanquished.

Notes
Turn   | Place    | Note
-------+----------+-------------------------------------------
     0 | D:1      | sasquatch the Formicid Fighter began the quest for the Orb.
     0 | D:1      | Reached XP level 1. HP: 18/18 MP: 1/1
   170 | D:1      | Reached XP level 2. HP: 24/24 MP: 2/2
   251 | D:1      | Reached skill level 3 in Axes
   294 | D:1      | Reached XP level 3. HP: 27/29 MP: 3/3
   945 | D:2      | Reached skill level 4 in Axes
   945 | D:2      | Reached XP level 4. HP: 35/35 MP: 4/4
  1079 | D:2      | Found Posot's General Store.
  1091 | D:2      | Bought a scroll of identify for 28 gold pieces
  1144 | D:2      | Found Nyl Osk's Assorted Antiques.
  1361 | D:2      | Found Ruyt's Book Shop.
  1362 | D:2      | Found Negg's Assorted Antiques.
  1371 | D:2      | Reached XP level 5. HP: 39/41 MP: 5/5
  1413 | D:2      | Reached skill level 5 in Axes
  1844 | D:3      | Found Zin's Purification Station.
  1849 | D:3      | Found a glowing silver altar of Zin.
  1918 | D:3      | Identified the staff of Sudden Death {rPois Dex+2 Alchemy}
  1995 | D:3      | Found a white marble altar of Elyvilon.
  2001 | D:3      | Reached XP level 6. HP: 46/47 MP: 6/6
  2285 | D:4      | Found a shadowy altar of Dithmenos.
  2303 | D:4      | Reached skill level 6 in Axes
  2317 | D:4      | You fall into a shaft and drop 2 floors!
  2437 | D:6      | Noticed an ogre
  2447 | D:6      | Reached skill level 7 in Axes
  2447 | D:6      | Reached XP level 7. HP: 6/52 MP: 7/7
  2447 | D:6      | Slain by an ogre

Illustrated notes

Levels and vault maps discovered:
D:1:      minmay_arrival_semitransparent, layout_basic
D:2:      layout_basic, serial_shops, shop, shop, shop, nicolae_square_shop
D:3:      layout_loops_ring, zin_purify, elyvilon_altar_3,
          minmay_close_crescents
D:4:      cheibrodos_pilgrimage, layout_layer_cave,
          nicolae_dithmenos_shadow_blocks, mainiacjoe_overflow_tiny_flanked,
          minmay_fractal_squares_5, uniq_robin
D:6:      cheibrodos_iron_armory, layout_cave_pools,
          minmay_temple_entry_metal_lava, minivault_24, uniq_prince_ribbit1

Skill      XL: |  1  2  3  4  5  6 |
---------------+-------------------+-----
Axes           | 3 4 5 7 |  7.0
Fighting       | |  3.2
Armour         | |  3.2
Shields        | |  4.0

Action                     |  1- 3 |  4- 6 |  7- 9 || total
---------------------------+-------+-------+-------++-------
  Melee: War axe           |    84 |   153 |     1 ||   238
Ability: Dig               |       |     1 |       ||     1
         Shaft Self        |       |     1 |       ||     1
    Use: Scroll            |       |     4 |       ||     4
         Potion            |       |     1 |       ||     1
 Armour: Scale mail        |    56 |    78 |     1 ||   135
  Dodge: Dodged            |    32 |    62 |       ||    94
  Block: Buckler           |    18 |    94 |       ||   112
